 Dungeon Crawl Stone Soup version 0.29.1-13-g9f3cf754e1 (webtiles) character file.

Game seed: 13115187751718781376

203 KittyFluff the Cudgeller (level 5, -6/49 HPs)
             Began as a Gargoyle Berserker on Jan 21, 2023.
             Was a Believer of Trog.
             Mangled by hikkokomori's ghost (10 damage)
             ... on level 4 of the Dungeon.
             The game lasted 00:15:44 (4438 turns).

KittyFluff the Cudgeller (Gargoyle Berserker)       Turns: 4438, Time: 00:15:45

Health: -6/49      AC: 11    Str: 27    XL:     5   Next: 81%
Magic:  5/5        EV: 12    Int:  7    God:    Trog [**....]
Gold:   265        SH:  0    Dex: 11    Spells: 4/4 levels left

rFire   . . .      SeeInvis .   t - +0 flail
rCold   . . .      Faith    .   (no shield)
rNeg    + . .      Spirit   .   r - +0 leather armour
rPois   ∞          Reflect  .   j - +2 helmet
rElec   +          Harm     .   (no cloak)
rCorr   .          Rampage  .   (no gloves)
Will    .....                   p - +0 pair of boots
Stlth   ..........              (no amulet)
HPRegen 0.16/turn               h - +6 ring of strength
MPRegen 0.09/turn               (no ring)

@: berserking, very quick
A: sickness immunity, AC +4, negative energy resistance 1, electricity
resistance, torment resistance 1, petrification resistance
a: Renounce Religion, Berserk, Trog's Hand


You were on level 4 of the Dungeon.
You worshipped Trog.
Trog was pleased with you.
You visited 1 branch of the dungeon, and saw 5 of its levels.

You collected 265 gold pieces.

Inventory:

Hand Weapons
 a - a +0 mace
 d - a +0 sling
 t - a +0 flail (weapon)
Missiles
 c - 16 stones (quivered)
 q - 16 poisoned darts
 x - 3 javelins
Armour
 j - a +2 helmet (worn)
 p - a +0 pair of boots (worn)
 r - a +0 leather armour (worn)
 v - a +4 ring mail
Jewellery
 h - a +6 ring of strength (left hand)
Wands
 b - a wand of iceblast (5)
Scrolls
 g - a scroll of magic mapping
 k - 4 scrolls of teleportation
 o - 2 scrolls of blinking {unknown}
 u - a scroll of fear {unknown}
 w - a scroll of enchant weapon {unknown}
Potions
 e - a potion of invisibility
 f - a potion of might
 i - 2 potions of heal wounds
 l - 2 potions of curing {unknown}
 m - 2 potions of magic {unknown}
 n - a potion of ambrosia
 s - a potion of lignification


   Skills:
 + Level 4.2 Fighting
 + Level 4.6 Maces & Flails
 * Level 3.3 Armour
 + Level 2.2 Dodging
 + Level 1.2 Stealth


You had 4 spell levels left.
You didn't know any spells.
Your spell library was empty.

Dungeon Overview and Level Annotations

Branches:
Dungeon (5/15)
 Temple: D:4-7

Altars:

Annotations:
D:4 hikkokomori's ghost, amateur OpCj
D:5 Dowan; Duvessa; Edmund


Innate Abilities, Weirdness & Mutations

You are immune to sickness and miasma.
Your stone body is resilient. (AC +4)
You are immune to poison.
You resist negative energy. (rN+)
You are resistant to electric shocks. (rElec)
You are resistant to unholy torment.
You are immune to petrification.


Message History

The orc is wielding a +1 vorpal hand axe.
Found 3 javelins and an agate ring.
Found a stone staircase leading down.
You see here 3 javelins.
x - 3 javelins
Found a stone staircase leading down.
Found 10 gold pieces.
There is a stone staircase leading up here.
You climb upwards.
Level annotation: 1 runed translucent door, hikkokomori's ghost, amateur OpCj
There is a stone staircase leading down here.
You start resting.
HP restored.
As you read the scroll of identify, it crumbles to dust.
n - a potion of ambrosia
As you read the scroll of identify, it crumbles to dust.
g - a scroll of magic mapping Search for what [Enter for "leather", or ? for help]? runed
Things that are here:
a +0 flail; a +0 club; a +0 spear Hikkokomori's ghost turns its malevolent gaze towards you.
Press: ? - help, v - describe, . - travel
Here: hikkokomori's ghost, wielding a vorpal weapon (fire blocked by a runed translucent door)
The floor.
You open the door.
A red film seems to cover your vision as you go berserk!
You feel yourself moving faster!
You feel mighty! Hikkokomori's ghost hits you!
You closely miss hikkokomori's ghost. Hikkokomori's ghost hits you!
You barely miss hikkokomori's ghost. Hikkokomori's ghost hits you!
* * * LOW HITPOINT WARNING * * *
x2 You closely miss hikkokomori's ghost.
You miss hikkokomori's ghost.
Hikkokomori's ghost casts a spell at you.
The magic dart hits you but does no damage.
You closely miss hikkokomori's ghost. Hikkokomori's ghost hits you!
* * * LOW HITPOINT WARNING * * *
x2 You hit hikkokomori's ghost.
Hikkokomori's ghost is lightly damaged.
Hikkokomori's ghost laughs crazily.
Hikkokomori's ghost hits you!
You die...

..## #.# #....... ...# #.# #
#.###.#. ...########.#######
#.#.# #.## .#.##.............#
#.#.###.## ......###########.#
#.......# .#.#### #.# ###.#####
.#.# ####.## #.# ...# ##.....##
#.###### .### ##...@...##
#....... .# ##...#W#...##
######## .# ###...##.##...## .###
#....##...##...# ##### ...#
##...##.....##..# #....
.#.#####....#⌠.!♣?.⌠#..# #.###
............##.....##..######.###
...######....##...##.......##.##.
..## ###...##⌠##...........###


You could see hikkokomori's ghost.

Vanquished Creatures
  A hound (D:4)
  An orc wizard (D:5)
  4 gnolls (D:4)
  2 adders
  An ufetubus (D:5)
  A worm (D:3)
  3 dart slugs
  9 orcs
  5 endoplasms
  8 giant cockroaches
  8 goblins
  6 hobgoblins
  3 quokkas
  7 ball pythons
  8 bats
  4 frilled lizards
  7 kobolds (D:2)
  4 rats
82 creatures vanquished.

Vanquished Creatures (others)
  2 fungi (D:2)
2 creatures vanquished.

Grand Total: 84 creatures vanquished

Notes
Turn   | Place    | Note
-------+----------+-------------------------------------------
     0 | D:1      | KittyFluff the Gargoyle Berserker began the quest for the
                  | Orb.
     0 | D:1      | Reached XP level 1. HP: 14/14 MP: 1/1
   111 | D:1      | Reached XP level 2. HP: 5/19 MP: 2/2
  1028 | D:1      | Reached XP level 3. HP: 22/24 MP: 3/3
  1080 | D:2      | Reached ** piety under Trog
  1411 | D:2      | Found a faded altar of an unknown god.
  1984 | D:3      | Reached XP level 4. HP: 29/29 MP: 4/4
  2946 | D:4      | Reached skill level 1 in Stealth
  3049 | D:4      | Reached XP level 5. HP: 33/33 MP: 5/5
  3378 | D:4      | Found a runed translucent door.
  3378 | D:4      | Noticed hikkokomori's ghost (amateur OpCj)
  3882 | D:4      | Reached *** piety under Trog
  3964 | D:5      | Entered Level 5 of the Dungeon
  4111 | D:5      | Noticed Dowan
  4112 | D:5      | Noticed Duvessa
  4130 | D:5      | Noticed Edmund
  4438 | D:4      | Mangled by hikkokomori's ghost

Illustrated notes

Levels and vault maps discovered:
D:1:      psy_arrival_conway, layout_rooms
D:2:      layout_loops_ring, shapermc_ecumenical_altar_rom_forum
D:3:      layout_basic
D:4:      layout_loops_corners, hellmonk_ghost_happy_afterlife,
          grunt_ministairs_8, amcnicky_mini_rare_corridor_liquid, st_stairs_2,
          grunt_decor_fettered
D:5:      nicolae_BIG_FREAKIN_CUBE, layout_rooms, minmay_misc_feat_rugged,
          uniq_ijyb, uniq_edmund, uniq_duvessa, uniq_grinder

Skill      XL: |  1  2  3  4 |
---------------+-------------+-----
Fighting       | 4 |  4.2
Maces & Flails | 4 |  4.6
Armour         | 3 |  3.3
Dodging        | 2 |  2.2
Stealth        | 1 |  1.2

Action                   |  1- 3 |  4- 6 || total
-------------------------+-------+-------++-------
Melee: Mace              |   146 |    39 ||   185
       Flail             |       |    85 ||    85
Invok: Berserk           |       |     2 ||     2
  Use: Scroll            |     1 |     8 ||     9
 Stab: Sleeping          |       |     2 ||     2
Armor: Animal skin       |    78 |     6 ||    84
       Leather armour    |       |    49 ||    49
Dodge: Dodged            |   125 |    87 ||   212
